 Dungeon Crawl Stone Soup version 0.30.1-4-g462c640d31 (webtiles) character file.

Game seed: 4539512038683443659

312 rvierbuc the Conjurer (level 5, 0/41 HPs)
             Began as a Demigod Conjurer on Aug 22, 2023.
             Succumbed to a water moccasin's poison
             ... on level 4 of the Dungeon.
             The game lasted 00:08:12 (2338 turns).

rvierbuc the Conjurer (Demigod Conjurer)            Turns: 2338, Time: 00:08:12

Health: 0/41       AC:  3    Str: 12    XL:     5   Next: 97%
Magic:  2/12       EV: 12    Int: 20    God:
Gold:   239        SH:  0    Dex: 12    Spells: 7/10 levels left

rFire   + . .        j - +1 whip (venom)
rCold   + . .        (no shield)
rNeg    . . .        a - +0 robe
rPois   +            (no helmet)
rElec   +            u - +0 cloak
rCorr   +            (no gloves)
SInv    +            (no boots)
Will    .....        (no amulet)
Stlth   ++           (no ring)
HPRegen 0.26/turn    (no ring)
MPRegen 0.13/turn

%: no passive effects
@: lethally poisoned (0 -> -8), resistant, on berserk cooldown, slowed, very
slow
A: high MP 1, forlorn, divine attributes, see invisible, inability to drink
after injury 1
a: no special abilities


You were on level 4 of the Dungeon.
You visited 1 branch of the dungeon, and saw 4 of its levels.

You collected 239 gold pieces.

Inventory:

Hand Weapons
 j - a +1 whip of venom (weapon)
 t - a +3 heavy mace
Missiles
 d - 8 poisoned darts
Armour
 a - a +0 robe (worn)
 u - a +0 cloak (worn)
Wands
 k - a wand of acid (14)
 o - a wand of roots (6)
Scrolls
 c - 5 scrolls of identify {unknown}
 l - a scroll of acquirement {unknown}
 m - a scroll of enchant armour {unknown}
 r - a scroll of teleportation {unknown}
Potions
 b - a potion of magic
 g - a potion of brilliance {unknown}
 h - a potion of curing {unknown}
 i - a potion of mutation
 n - a potion of cancellation {unknown}
 p - a potion of might {unknown}
 q - a potion of haste {unknown}
 s - a potion of degeneration {unknown}
 v - a potion of invisibility {unknown}


   Skills:
 * Level 1.9 Fighting
 + Level 0.3 Throwing
 * Level 2.7 Dodging
 + Level 2.3 Stealth
 + Level 3.1 Spellcasting
 + Level 5.0 Conjurations


You had 7 spell levels left.
You knew the following spells:

 Your Spells              Type           Power      Damage    Failure   Level
a - Magic Dart            Conj           92%        1d7       1%          1
b - Searing Ray           Conj           46%        2d6       2%          2

Your spell library contained the following spells:

 Spells                   Type           Power      Damage    Failure   Level
 Dazzling Flash           Conj/Hex       26%        N/A       16%         3
 Fulminant Prism          Conj/Hex       6%         3d7       45%         4
 Iskenderun's Mystic Bla  Conj/Tloc      13%        2d5       45%         4


Dungeon Overview and Level Annotations

Branches:
Dungeon (4/15)
 Temple: D:4-7


Innate Abilities, Weirdness & Mutations

You have an increased reservoir of magic. (+10% MP)
You shall have no god before yourself.
Your divine heritage dramatically boosts your attributes as you level up.
You have supernaturally acute eyesight. (SInv)
You occasionally lose the ability to drink potions when taking damage.


Message History

The water moccasin bites you.
You are lethally poisoned!
The water moccasin poisons you! The water moccasin closely misses you.
The searing ray hits the water moccasin.
You kill the water moccasin!
You feel extremely sick.
Your magical contamination has completely faded away.
Your Spellcasting skill increases to level 3!
Your Conjurations skill increases to level 5!
There is a lethal amount of poison in your body!
There is a lethal amount of poison in your body!
It was a potion of berserk rage.
A red film seems to cover your vision as you go berserk!
You feel yourself moving faster!
You feel mighty!
* * * LOW HITPOINT WARNING * * *
You feel very sick.
You are too berserk!
You are too berserk!
You feel a strong urge to attack something.
* * * LOW HITPOINT WARNING * * *
You feel very sick.
You see here a water moccasin corpse.
Found a viscous golden potion.
* * * LOW HITPOINT WARNING * * *
You feel very sick.
You feel your anger nearly subside.
You are no longer berserk.
You are exhausted.
You feel yourself slow down.
* * * LOW HITPOINT WARNING * * *
You feel sick.
Okay, then.
Search for what [Enter for "dart", or ? for help]? poison It was a potion of mutation.
You feel extremely strange.
You occasionally lose the ability to drink potions when taking damage.
Your vision sharpens.
* * * LOW HITPOINT WARNING * * *
You feel very sick.
It was a potion of resistance.
You feel protected.
You die...

### .. .. ... ### .##.#
#
..###############.#..#.#
........................
#.########.#.........#..
#.# #.#..†...<....#
..#### #.#..#.@......#
.....### #.##.###..##.!.
#.##...###.##.. .....
#.####..##.##### ..##.#
#.# ###'##..... ... #
#.# #......# ..## #.#
#......# 8..
#.###......#. ..8
......<.......


There were no monsters in sight!

Vanquished Creatures
  A water moccasin (D:4)
  Terence (D:3)
  Natasha (thrice) (D:2)
  An orc wizard (D:4)
  3 adders (D:2)
  3 dart slugs
  3 orcs (D:4)
  9 bats
  2 endoplasms
  A giant cockroach (D:2)
  4 goblins
  5 hobgoblins
  4 jackals (D:1)
  3 quokkas
  8 ball pythons
  A frilled lizard (D:2)
  2 rats
54 creatures vanquished.

Notes
Turn   | Place    | Note
-------+----------+-------------------------------------------
     0 | D:1      | rvierbuc the Demigod Conjurer began the quest for the Orb.
     0 | D:1      | Reached XP level 1. HP: 14/14 MP: 5/5
   367 | D:1      | Reached XP level 2. HP: 20/20 MP: 5/7
   372 | D:1      | Reached skill level 4 in Conjurations
  1017 | D:2      | Reached XP level 3. HP: 25/26 MP: 3/8
  1407 | D:2      | Learned a level 2 spell: Searing Ray
  1479 | D:2      | Noticed Natasha
  1486 | D:2      | Killed Natasha
  1487 | D:2      | Reached XP level 4. HP: 20/34 MP: 1/10
  1601 | D:2      | Noticed Natasha
  1607 | D:2      | Killed Natasha
  1608 | D:2      | Reached skill level 1 in Fighting
  1745 | D:2      | Noticed Natasha
  1749 | D:2      | Killed Natasha
  2094 | D:3      | Noticed Terence
  2103 | D:3      | Killed Terence
  2104 | D:3      | Reached XP level 5. HP: 30/40 MP: 6/12
  2209 | D:3      | You fall into a shaft and drop 1 floor!
  2322 | D:4      | Noticed a water moccasin
  2332 | D:4      | Killed a water moccasin
  2333 | D:4      | Reached skill level 5 in Conjurations
  2337 | D:4      | Gained mutation: You occasionally lose the ability to drink
                  | potions when taking damage. [potion of mutation]
  2337 | D:4      | Gained mutation: You have supernaturally acute eyesight.
                  | (SInv) [potion of mutation]
  2338 | D:4      | Succumbed to a water moccasin's poison

Illustrated notes

Levels and vault maps discovered:
D:1:      beargit_arrival_diablo_church, layout_rooms, kennysheep_minor_cross,
          chequers_garden, minmay_gold_behind_fungi
D:2:      layout_rooms, basic_altar, uniq_natasha
D:3:      layout_basic, mainiacjoe_overflow_alcove_2,
          minmay_misc_feat_secret_circle, uniq_terence
D:4:      layout_basic, zin_statuary, minmay_distorted, uniq_blork_the_orc,
          uniq_grinder

Skill      XL: |  1  2  3  4  5 |
---------------+----------------+-----
Conjurations   | 4 5 |  5.0
Dodging        | 2 |  2.7
Spellcasting   | 2 3 |  3.1
Stealth        | 2 |  2.3
Fighting       | 1 |  1.9
Throwing       | |  0.3

Action                     |  1- 3 |  4- 6 || total
---------------------------+-------+-------++-------
  Melee: Unarmed           |    10 |       ||    10
         Whip              |       |     1 ||     1
  Throw: Dart              |       |     9 ||     9
   Cast: Magic Dart        |    82 |    19 ||   101
         Searing Ray       |     2 |     7 ||     9
    Use: Potion            |       |     3 ||     3
 Armour: Robe              |     2 |       ||     2
  Dodge: Dodged            |    13 |     5 ||    18
